 Dungeon Crawl Stone Soup version 0.22.0-16-gc6d26f6 (webtiles) character file.

48 Lew the Ducker (level 3, -2/17 HPs)
             Began as a Felid Monk on Aug 17, 2018.
             Slain by a worker ant (6 damage)
             ... on level 2 of the Dungeon.
             The game lasted 00:04:58 (1875 turns).

Lew the Ducker (Felid Monk)                         Turns: 1875, Time: 00:04:58

Health: -2/17      AC:  1    Str:  7    XL:     3   Next: 50%
Magic:  4/4        EV: 21    Int: 11    God:
Gold:   102        SH:  0    Dex: 19    Spells: 2/2 levels left
                                        Lives:  0   Deaths: 1

rFire    . . .     SeeInvis +     - Unarmed
rCold    . . .     Gourm    .   (shield unavailable)
rNeg     . . .     Faith    .   (armour unavailable)
rPois    .         Spirit   .   (helmet unavailable)
rElec    .         Reflect  .   (cloak unavailable)
rCorr    .         Harm     .   (gloves unavailable)
MR       .....                  (boots unavailable)
Stlth    +++.......             (no amulet)
HPRegen  0.05/turn              (no ring)
MPRegen  0.09/turn              (no ring)

@: lethally poisoned (-2 -> -16), quick
A: very small, no armour, no weapons or thrown items, stealth, claws 1, fangs 3,
see invisible, carnivore, speed 1, shaggy fur 1, slow metabolism 1, sharp paws
a: no special abilities


You were on level 2 of the Dungeon.
You were very full.

You visited 1 branch of the dungeon, and saw 2 of its levels.

You collected 102 gold pieces.

Inventory:

Scrolls
 c - 4 scrolls of teleportation {unknown}
 f - a scroll of magic mapping {unknown}
 g - a scroll of fog {unknown}
Potions
 b - a potion of invisibility {unknown}
 d - 2 potions of heal wounds {unknown}
 e - a potion of lignification {unknown}
 h - a potion of curing {unknown}
 i - a potion of agility {unknown}
Comestibles
 a - 4 rations


   Skills:
 + Level 3.6 Fighting
 + Level 4.8 Dodging
 * Level 4.2 Stealth
 + Level 3.6 Unarmed Combat


You had 2 spell levels left.
You didn't know any spells.
Your spell library was empty.

Dungeon Overview and Level Annotations

Branches:
Dungeon (2/15)

Altars:
Zin


Innate Abilities, Weirdness & Mutations

You cannot wear armour.
You are incapable of wielding weapons or throwing items.
Your paws allow you to move quietly. (Stealth)
You have sharp claws.
You have razor-sharp teeth.
You have supernaturally acute eyesight. (SInv)
You are carnivorous and can eat meat at any time.
You cover ground quickly.
You are covered in fur. (AC +1)
You have a slow metabolism.
Your sharp claws are effective at attacking unaware monsters.


Message History

HP restored.
Things that are here:
3 stones; a club A worker ant comes into view.
The worker ant twitches its antennae in your direction.
The worker ant misses you.
You barely miss the worker ant. The worker ant bites you.
You are poisoned.
The worker ant poisons you!
You scratch the worker ant.
The worker ant is lightly wounded.
You feel sick. The worker ant bites you!
* * * LOW HITPOINT WARNING * * *
You are more poisoned.
The worker ant poisons you!
You claw the worker ant!
The worker ant is severely wounded.
* * * LOW HITPOINT WARNING * * *
You feel sick. The worker ant bites you.
You die...

#...P..#.# #......#.#
#...♣♣...# ##...♣P...#
...#(...#.#
#.###..##.# #.#
#####.# #.# #.#
###########
#.#######.#
#...@a....#
#.........#
#.#######.#
########### #.#
#############.#######.
......................
#.....########.#######
#.<†..# #.# .(....#
#.# #.....# #.#


You could see a worker ant.

Vanquished Creatures
  A worker ant (D:2)
  3 adders
  A worm (D:2)
  2 dart slugs (D:1)
  A leopard gecko (D:1)
  3 bats
  A giant cockroach (D:1)
  10 hobgoblins
  4 kobolds
  A ball python (D:2)
  4 frilled lizards (D:1)
  2 goblins
  6 rats
39 creatures vanquished.

Notes
Turn   | Place    | Note
-------+----------+-------------------------------------------
     0 | D:1      | Lew the Felid Monk began the quest for the Orb.
     0 | D:1      | Reached XP level 1. HP: 10/10 MP: 2/2
   133 | D:1      | Reached XP level 2. HP: 14/14 MP: 3/3
   647 | D:1      | Reached XP level 3. HP: 17/17 MP: 4/4
   923 | D:2      | Found a glowing silver altar of Zin.
  1024 | D:2      | Reached XP level 4. HP: 10/21 MP: 5/5
  1594 | D:1      | Slain by an adder
  1595 | D:1      | Reached XP level 3. HP: 0/17 MP: 4/4
  1875 | D:2      | Slain by a worker ant

Skill      XL: |  1  2  3  4 |
---------------+-------------+-----
Stealth        | 3 4 |  4.2
Fighting       | |  3.6
Dodging        | |  4.8
Unarmed Combat | |  3.6

Action                   |  1- 3 |  4- 6 || total
-------------------------+-------+-------++-------
Melee: Unarmed           |    76 |    41 ||   117
       Bite              |     6 |     2 ||     8
       Punch             |     1 |       ||     1
 Stab: Sleeping          |    16 |     1 ||    17
  Eat: Chunk             |    11 |       ||    11
Armor: Skin              |     2 |       ||     2
Dodge: Dodged            |    68 |    34 ||   102
